 Dungeon Crawl Stone Soup version 0.20.0-8-g6b59dc7 (webtiles) character file.

523741 mopl the Pyromancer (level 24, -1/144 HPs)
             Began as a Deep Elf Fire Elementalist on May 30, 2017.
             Was the Champion of Vehumet.
             Slain by a reaper
             ... wielding a +4 scythe of slicing
             ... summoned by something's death curse
              (39 damage)
             ... on level 2 of the Crypt on May 31, 2017.
             The game lasted 03:31:26 (41667 turns).

mopl the Pyromancer (Deep Elf Fire Elementalist)   Turns: 41667, Time: 03:31:27

Health: -1/144     AC: 12    Str:  8    XL:     24   Next: 19%
Magic:  46/47      EV: 28    Int: 35    God:    Vehumet [******]
Gold:   3503       SH:  7    Dex: 20    Spells: 4/60 levels left

rFire    + + .     SeeInvis +   a - staff of fire
rCold    . . .     Gourm    .   b - +1 buckler {rN+}
rNeg     + + .     Faith    .   Y - +2 robe {Archmagi}
rPois    .         Spirit   .   l - +2 helmet {SInv}
rElec    .         Reflect  .   q - +2 cloak {+Inv}
rCorr    .         Harm     .   v - +2 pair of gloves
MR       +++..                  H - +0 pair of boots of the Catamount {Regen+} (curse)
Stlth    ++........             W - amulet of magic regeneration
Regen    1.8/turn               E - ring "Ciofeus" {+Fly EV+1 Int+4 Slay+3}
MPRegen  0.5/turn               X - ring of Huudie {*Corrode rF+ rN+ MR+ Dex+4}

@: corroded, very slightly contaminated, regenerating, studying Fighting,
deflect missiles
A: slimy green scales 1, strong 1, MP-powered wands
}: 3/15 runes: serpentine, barnacled, silver
a: Renounce Religion, Evoke Invisibility, Evoke Flight


You were on level 2 of the Crypt.
You worshipped Vehumet.
Vehumet was exalted by your worship.
You were full.

You visited 9 branches of the dungeon, and saw 42 of its levels.
You also visited: Ossuary, Ice Cave and Volcano.

You collected 6482 gold pieces.
You spent 2979 gold pieces at shops.

Inventory:

Armour
 b - a +1 buckler of positive energy (worn)
 l - a +2 helmet of see invisible (worn)
 q - a +2 cloak of invisibility (worn)
 v - a +2 pair of gloves (worn)
 y - a +2 robe of resistance
 H - the cursed +0 pair of boots of the Catamount (worn) {Regen+}
   (You found it on level 5 of the Lair of Beasts)

   It increases your rate of regeneration.
   It has a curse placed upon it.
 Y - a +2 robe of the Archmagi (worn)
Magical Staves
 a - an uncursed staff of fire (weapon)
 G - an uncursed staff of power {!a}
Jewellery
 m - an uncursed ring of fire
 r - the ring of the Median {rC+ MP+9}
   (You found it on level 3 of the Elven Halls)

   [ring of magical power]

   It protects you from cold.
   It affects your magic capacity (+9).
 u - the ring of the Shining Light {*Corrode +Inv rElec rPois MP+9}
   (You took it off a necromancer on level 5 of the Vaults)

   [ring of magical power]

   It insulates you from electricity.
   It protects you from poison.
   It affects your magic capacity (+9).
   It lets you turn invisible.
   It may corrode you when you take damage.
 E - the ring "Ciofeus" (left hand) {+Fly EV+1 Int+4 Slay+3}
   (You took it off an orc warrior on level 13 of the Dungeon)

   [ring of evasion]

   It affects your evasion (+1).
   It affects your intelligence (+4).
   It affects your accuracy and damage with ranged weapons and melee attacks
   (+3).
   It lets you fly.
 J - the ring "Xoffon" {rPois rF+ Dex+6 Slay+2}
   (You took it off an ironheart preserver on level 5 of the Vaults)

   [ring of protection from fire]

   It affects your dexterity (+6).
   It affects your accuracy and damage with ranged weapons and melee attacks
   (+2).
   It protects you from fire.
   It protects you from poison.
 K - an uncursed ring of resist corrosion
 W - an amulet of magic regeneration (around neck)
 X - the ring of Huudie (right hand) {*Corrode rF+ rN+ MR+ Dex+4}
   (You found it on level 4 of the Shoals)

   [ring of protection from magic]

   It affects your dexterity (+4).
   It protects you from fire.
   It protects you from negative energy.
   It affects your resistance to hostile enchantments.
   It may corrode you when you take damage.
Wands
 p - a wand of scattershot (9/9)
 z - a wand of iceblast (10/15)
 L - a wand of clouds (9/9)
 Z - a wand of digging (17/24)
Scrolls
 e - 3 scrolls of identify
 g - a scroll of magic mapping
 i - 5 scrolls of fog
 k - 5 scrolls of blinking
 o - 6 scrolls of fear
 t - a scroll of summoning
 w - 14 scrolls of teleportation
 x - a scroll of holy word
 I - 18 scrolls of remove curse
 V - 6 scrolls of immolation
Potions
 d - 20 potions of curing
 f - 9 potions of heal wounds
 h - 5 potions of ambrosia
 A - 3 potions of magic
 F - 7 potions of brilliance
 N - 7 potions of might
 O - 2 potions of mutation {!q}
 P - 2 potions of cancellation
 Q - 2 potions of haste
 R - 7 potions of resistance
 U - 4 potions of agility
Books
 j - a book of the Warp

   Spells                             Type                      Level
   a - Gell's Gravitas                Translocation                3
   b - Portal Projectile              Hexes/Translocation          3
   c - Force Lance                    Conjuration/Translocation    4
   d - Dispersal                      Translocation                6
   e - Controlled Blink               Translocation                8
   f - Disjunction                    Translocation                8
 B - a manual of Fighting
 D - a book of Enchantments

   Spells                             Type                      Level
   a - Cause Fear                     Hexes                        4
   b - Yara's Violent Unravelling     Hexes/Transmutation          5
   c - Silence                        Hexes/Air                    5
   d - Deflect Missiles               Charms/Air                   6
   e - Discord                        Hexes                        8
Miscellaneous
 n - a fan of gales
 s - a phial of floods
 C - a lamp of fire
 M - 6 phantom mirrors
 S - a lightning rod (4/4)
 T - 2 sacks of spiders
Comestibles
 c - 32 bread rations


   Skills:
 + Level 12.7 Fighting
 - Level 12.0 Staves
 + Level 17.4 Dodging
 - Level 2.4 Stealth
 + Level 6.6 Shields
 + Level 18.7 Spellcasting
 * Level 21.6 Conjurations
 - Level 3.1 Hexes
 + Level 10.7 Charms
 * Level 4.4 Necromancy
 - Level 3.0 Translocations
 - Level 22.0 Fire Magic
 + Level 7.5 Air Magic
   Level 3.0 Poison Magic
 - Level 13.0 Evocations


You had 4 spell levels left.
You knew the following spells:

 Your Spells              Type           Power        Failure   Level  Hunger
a - Bolt of Fire          Conj/Fire      #########.   0%          6    None
b - Throw Icicle          Conj/Ice       ########     1%          4    None
c - Conjure Flame         Conj/Fire      ########     0%          3    None
d - Sticky Flame          Conj/Fire      ########     0%          4    None
e - Blink                 Tloc           N/A          1%          2    None
f - Fireball              Conj/Fire      #########.   0%          5    None
h - Inner Flame           Hex/Fire       ########     0%          3    None
i - Ignition              Fire           #########.   1%          8    ####...
j - Apportation           Tloc           ######       1%          1    None
r - Regeneration          Chrm/Necr      #######...   1%          3    None
C - Corpse Rot            Necr           N/A          1%          2    None
D - Deflect Missiles      Chrm/Air       #######...   3%          6    None
F - Fire Storm            Conj/Fire      #########.   3%          9    ######.


Dungeon Overview and Level Annotations

Branches:
Dungeon (15/15)            Temple (0/1) D:7            Lair (6/6) D:8
 Shoals (4/4) Lair:3        Snake (4/4) Lair:4        Slime (1/5) Lair:6
    Orc (2/2) D:11            Elf (3/3) Orc:2        Vaults (5/5) D:13
  Crypt (2/3) Vaults:3     Depths (0/5) D:15

Altars:
Ashenzari
Elyvilon
Hepliaklqana
Okawaru
Ru
Trog
Vehumet
Xom
Zin

Shops:
D:13 *   Orc:2 }=([!   Snake:2 **   Snake:3 }   Snake:4 *

Annotations:
Shoals:4 inmateoo's ghost, adept MfGl
Elf:2 4 runed doors


Innate Abilities, Weirdness & Mutations

You are partially covered in slimy green scales. (AC +2)
Your muscles are strong. (Str +2)
You expend magic power (3 MP) to strengthen your wands.


Message History

Press: ? - help, Dir - move target cursor You are very lightly contaminated with residual magic.
As you read the scroll of blinking, it crumbles to dust.
Vehumet accepts your kill.
You feel extremely nervous for a moment...
Death has come for you...
Your Evocations skill increases to level 13!
You feel a bit more experienced. Vehumet accepts your kill.
You feel a bit more experienced.
Okay, then.
Casting: Fire Storm
Confirm with . or Enter, or press ? or * to list all spells.
You feel a surge of power!
You blink.
The reaper hits you with a scythe of slicing.
* * * LOW HITPOINT WARNING * * *
x2 Your corrosive artefact corrodes you!
You feel much better.
The reaper hits you from afar with a scythe of slicing!!!
You die...

#.# #.# #.# #.# #.#
######<# #......#
##########.W.
#......#######.2..>..§.?..
#........@.2...#######.v.†
#.....########## s.
#.....# #.....# #.....#
#.....# #######


You could see 2 reapers.

Vanquished Creatures
  Khufu (Crypt:2)
  2 greater mummies (Crypt:2)
  Sojobo (Vaults:3)
  Boris (Crypt:1)
  Saint Roka (Elf:3)
  Frederick (Vaults:5)
  Vashnia (Snake:4)
  A golden dragon (Vaults:5)
  Nikola (Shoals:1)
  3 tentacled monstrosities (Vaults:5)
  5 titans (Vaults:5)
  Asterion (Vaults:3)
  2 acid blobs
  2 deep elf blademasters (Elf:3)
  3 liches
  4 quicksilver dragons (Vaults:5)
  2 deep elf master archers (Elf:3)
  4 sphinxes
  2 ancient champions
  Polyphemus (Shoals:4)
  Gastronok (Lair:1)
  3 shadow dragons (Vaults:5)
  8 tengu reavers
  Kirke (D:14)
  Agnes (D:15)
  10 nagarajas
  3 storm dragons
  An azure jelly (Lair:6)
  2 frost giants
  3 fire giants
  12 deep elf sorcerers
  Aizul (Vaults:1)
  Louise (D:14)
  21 vault wardens
  2 deep elf elementalists (Elf:3)
  The ghost of PeterMcNeter the Impaler, a journeyman MfBe of Trog (Orc:1)
  8 ghouls
  Nessos (Lair:5)
  A war gargoyle (Vaults:5)
  2 entropy weavers
  22 ironheart preservers
  3 vampire knights
  An entropy weaver (shapeshifter) (D:15)
  16 deep elf demonologists
  14 stone giants
  13 deep elf annihilators
  9 deep elf death magi
  7 merfolk javelineers
  An eidolon (Crypt:1)
  9 merfolk impalers
  2 jiangshi
  5 ettins
  2 fire dragons
  3 great orbs of eyes
  The ghost of PeterLawrence the Fighter, a journeyman MiFi of Okawaru (D:10)
  A quicksilver dragon zombie (Crypt:1)
  10 naga warriors
  13 yaktaur captains
  8 ogre magi
  32 vault guards
  5 deep elf high priests
  An ice dragon (Vaults:2)
  3 rakshasas
  6 hydras
  5 centaur warriors
  5 merfolk aquamancers
  A catoblepas (Shoals:4)
  4 satyrs
  14 anacondas
  5 merfolk avatars
  19 dancing weapons
  26 two-headed ogres
  3 alligator snapping turtles
  5 death knights
  4 death yaks
  A tengu warrior (D:15)
  2 deep troll shamans
  2 vampire magi
  8 orc high priests
  Urug (Lair:2)
  15 naga sharpshooters
  18 deep elf knights
  2 soul eaters
  4 shock serpents
  A titan skeleton (Crypt:1)
  Nergalle (Lair:3)
  A fire crab (shapeshifter) (D:15)
  7 unseen horrors
  7 deep trolls
  13 skeletal warriors
  31 sea snakes
  4 shadow wraiths
  5 flayed ghosts
  2 salamander mystics
  A deep troll (shapeshifter) (D:15)
  An unseen horror (shapeshifter) (Vaults:5)
  3 naga ritualists (Snake:4)
  A glowing orange brain (Vaults:4)
  A tengu zombie (Vaults:5)
  28 deep elf archers
  12 ironbrand convokers
  2 wizards (Vaults:2)
  A death drake (shapeshifter) (Vaults:4)
  A swamp dragon (Lair:6)
  A shining eye (Slime:1)
  A lindwurm (Volcano)
  8 phantasmal warriors
  4 mana vipers
  4 necromancers
  A frost giant zombie (Crypt:1)
  20 ugly things
  79 deep elf magi
  18 harpies
  2 tengu skeletons (Vaults:5)
  19 orc knights
  8 salamanders
  18 fauns
  4 orc sorcerers
  2 wolf spiders
  19 manticores
  A wolf spider zombie (D:15)
  A moth of wrath (shapeshifter) (Vaults:5)
  A faun (shapeshifter) (Vaults:5)
  9 cyclopes
  2 fire giant zombies
  4 elephants (Lair:4)
  4 guardian serpents (Snake:4)
  An ice statue (IceCv)
  24 black mambas
  7 water nymphs
  16 naga magi
  12 vault sentinels
  7 merfolk sirens
  An eye of devastation (Lair:6)
  6 centaur skeletons
  2 gargoyles
  An elf skeleton (Vaults:5)
  3 spiny frogs
  19 yaktaurs
  8 rime drakes
  An efreet (D:12)
  7 komodo dragons
  8 freezing wraiths
  A jumping spider (shapeshifter) (Vaults:5)
  11 trolls
  A hornet (D:14)
  A death drake zombie (Crypt:1)
  2 jumping spiders
  A queen bee (Lair:3)
  38 merfolk
  14 polar bears
  4 wind drakes
  A guardian serpent zombie (Crypt:1)
  46 slime creatures
  12 snapping turtles
  Prince Ribbit (D:9)
  A harpy skeleton (D:13)
  A tengu simulacrum (Vaults:5)
  4 dream sheep (Shoals:2)
  An alligator zombie (Crypt:1)
  3 bog bodies
  A hippogriff (shapeshifter) (Vaults:2)
  24 hippogriffs
  4 redbacks
  15 water elementals
  3 air elementals
  2 spriggans (shapeshifter)
  13 wraiths
  A vampire (D:13)
  4 shadows
  A hog (shapeshifter) (Vaults:4)
  7 wyverns
  10 basilisks
  4 fire elementals
  16 humans
  68 yaks
  5 steam dragons
  3 hogs (D:14)
  A human (shapeshifter) (Vaults:2)
  2 hungry ghosts (D:8)
  A yaktaur simulacrum (Vaults:5)
  10 vampire mosquitoes
  Grum (D:9)
  49 nagas
  4 wargs
  2 hell hounds (Volcano)
  5 acid dragons
  A soldier ant (D:8)
  12 porcupines
  11 water moccasins
  A floating eye (shapeshifter) (Vaults:5)
  51 orc warriors
  7 sky beasts
  A snapping turtle zombie (Crypt:1)
  3 black bears
  A swamp drake (Lair:6)
  3 eyes of draining
  5 ice beasts
  6 phantoms
  10 necrophages
  22 ogres
  An ettin simulacrum (Vaults:3)
  34 wolves
  5 boggarts (Vaults:2)
  13 centaurs
  17 crocodiles
  A big kobold (D:10)
  A gnoll sergeant (D:8)
  14 bullfrogs
  A glowing shapeshifter simulacrum (Vaults:5)
  2 earth elementals
  A wyvern zombie (D:14)
  8 scorpions
  3 wyvern skeletons
  38 killer bees
  23 wights
  2 electric eels (D:11)
  5 crimson imps
  2 centaur zombies
  2 quasits
  37 orc priests
  8 hounds
  8 jellies
  5 bullfrog skeletons
  7 iguanas
  26 orc wizards
  12 hell rats
  8 worker ants
  3 hound zombies
  2 hound skeletons
  A mummy (Ossuary)
  A howler monkey skeleton (D:5)
  6 gnolls
  16 adders
  12 river rats
  3 shadow imps
  2 adder skeletons
  An adder zombie (D:6)
  7 leopard geckos
  176 orcs
  3 ball pythons
  4 giant cockroaches
  6 goblins
  7 hobgoblins
  10 jackals
  11 quokkas
  4 bats
  2 frilled lizards
  9 gnoll skeletons (Ossuary)
  A hobgoblin zombie (Crypt:1)
  A jackal skeleton (D:6)
  6 kobolds
  7 kobold skeletons (Ossuary)
  9 orc skeletons (Ossuary)
  2 quokka zombies
  18 rats
  A fungus (Lair:4)
  47 plants
2124 creatures vanquished.

Vanquished Creatures (collateral kills)
  A mummy (Crypt:2)
1 creature vanquished.

Vanquished Creatures (others)
  Ilsuiw (Shoals:4)
  2 polar bears (IceCv)
  3 yaks (IceCv)
  A human (D:14)
  A sky beast (D:8)
  A wolf (IceCv)
  A jelly (D:14)
  A fire vortex (Crypt:2)
  4 fungi
  38 plants
53 creatures vanquished.

Grand Total: 2178 creatures vanquished

Notes
Turn   | Place    | Note
-------+----------+-------------------------------------------
     0 | D:1      | mopl the Deep Elf Fire Elementalist began the quest for the Orb.
     0 | D:1      | Reached XP level 1. HP: 10/10 MP: 6/6
   259 | D:1      | Reached XP level 2. HP: 15/15 MP: 2/8
   577 | D:2      | Reached skill level 2 in Conjurations
   577 | D:2      | Reached skill level 4 in Fire Magic
   618 | D:2      | Reached XP level 3. HP: 19/19 MP: 7/9
   623 | D:2      | Learned a level 3 spell: Conjure Flame
  1404 | D:3      | Reached XP level 4. HP: 11/24 MP: 1/11
  1469 | D:3      | Learned a level 4 spell: Sticky Flame
  1564 | D:3      | Found a hazy altar of Hepliaklqana.
  1575 | D:3      | Found a radiant altar of Vehumet.
  1661 | D:3      | Became a worshipper of Vehumet
  1810 | D:3      | Reached skill level 3 in Conjurations
  2025 | D:3      | Reached XP level 5. HP: 28/28 MP: 6/12
  2027 | D:3      | Reached skill level 4 in Spellcasting
  2428 | D:4      | Found a sand-covered staircase.
  2473 | Ossuary  | Entered an ossuary
  2473 | Ossuary  | Noticed a wraith
  2473 | Ossuary  | Noticed a wraith
  2473 | Ossuary  | Noticed a wraith
  2483 | Ossuary  | Reached * piety under Vehumet
  2483 | Ossuary  | Offered knowledge of Freeze by Vehumet.
  2485 | Ossuary  | Reached skill level 5 in Fire Magic
  2772 | Ossuary  | Noticed a wraith
  2803 | Ossuary  | Killed a wraith
  2803 | Ossuary  | Reached skill level 4 in Conjurations
  2803 | Ossuary  | Reached XP level 6. HP: 32/32 MP: 0/14
  2811 | Ossuary  | Learned a level 5 spell: Fireball
  2970 | D:4      | Offered knowledge of Throw Frost by Vehumet.
  3046 | D:4      | Reached ** piety under Vehumet
  3061 | D:4      | Reached skill level 6 in Fire Magic
  3276 | D:4      | Reached skill level 5 in Conjurations
  3364 | D:4      | Reached XP level 7. HP: 30/36 MP: 5/16
  3415 | D:4      | Reached skill level 5 in Spellcasting
  3722 | D:5      | Entered Level 5 of the Dungeon
  3866 | D:5      | Reached skill level 7 in Fire Magic
  3872 | D:5      | Learned a level 3 spell: Inner Flame
  3896 | D:5      | Reached skill level 6 in Conjurations
  4051 | D:5      | Reached XP level 8. HP: 41/41 MP: 15/18
  4102 | D:5      | Offered knowledge of Ignite Poison by Vehumet.
  4102 | D:5      | Reached skill level 6 in Spellcasting
  4149 | D:5      | Learned a level 3 spell: Ignite Poison
  4365 | D:5      | Found a white marble altar of Elyvilon.
  4370 | D:5      | Found a sacrificial altar of Ru.
  4489 | D:6      | Reached skill level 8 in Fire Magic
  4492 | D:6      | Reached skill level 7 in Conjurations
  4563 | D:6      | Reached *** piety under Vehumet
  5064 | D:6      | Offered knowledge of Dazzling Spray by Vehumet.
  5211 | D:6      | Found an iron altar of Okawaru.
  5409 | D:7      | Reached skill level 8 in Conjurations
  5409 | D:7      | Reached skill level 7 in Spellcasting
  5409 | D:7      | Reached skill level 9 in Fire Magic
  5409 | D:7      | Reached XP level 9. HP: 45/45 MP: 16/21
  5722 | D:7      | Learned a level 3 spell: Mephitic Cloud
  5888 | D:7      | Reached **** piety under Vehumet
  5910 | D:7      | Found a staircase to the Ecumenical Temple.
  5927 | D:7      | Offered knowledge of Iskenderun's Battlesphere by Vehumet.
  5929 | D:7      | Reached skill level 1 in Poison Magic
  5951 | D:7      | Reached skill level 1 in Fighting
  6076 | D:7      | Reached skill level 9 in Conjurations
  6245 | D:8      | Reached skill level 8 in Spellcasting
  6245 | D:8      | Reached skill level 10 in Fire Magic
  6249 | D:8      | Reached skill level 2 in Poison Magic
  6306 | D:8      | Reached XP level 10. HP: 49/53 MP: 13/24
  6310 | D:8      | Reached skill level 2 in Fighting
  6310 | D:8      | Reached skill level 3 in Dodging
  6419 | D:8      | Found a staircase to the Lair.
  6671 | D:8      | Reached skill level 10 in Conjurations
  6835 | D:8      | Learned a level 2 spell: Blink
  6894 | D:8      | Reached skill level 3 in Poison Magic
  6927 | D:8      | Noticed a deep elf mage
  6960 | D:8      | Killed a deep elf mage
  6988 | D:8      | Reached ***** piety under Vehumet
  6999 | D:8      | Reached skill level 4 in Dodging
  6999 | D:8      | Reached skill level 1 in Evocations
  7018 | D:8      | Reached skill level 1 in Hexes
  7025 | D:8      | Noticed an unseen horror
  7036 | D:8      | Killed an unseen horror
  7036 | D:8      | Reached skill level 1 in Translocations
  7036 | D:8      | Reached skill level 11 in Fire Magic
  7183 | D:8      | Found a bloodstained altar of Trog.
  7201 | D:8      | Offered knowledge of Throw Icicle by Vehumet.
  7247 | D:8      | Reached skill level 2 in Hexes
  7560 | D:8      | Noticed a centaur warrior
  7560 | D:8      | Reached skill level 2 in Evocations
  7561 | D:8      | Noticed a centaur warrior
  7574 | D:8      | Killed a centaur warrior
  7574 | D:8      | Reached skill level 9 in Spellcasting
  7574 | D:8      | Reached skill level 2 in Translocations
  7609 | D:8      | Killed a centaur warrior
  7609 | D:8      | Reached XP level 11. HP: 46/59 MP: 10/26
  7650 | D:8      | Reached skill level 3 in Fighting
  7810 | D:8      | Reached skill level 3 in Hexes
  7843 | D:8      | Got a slimy long sword
  8314 | Lair:1   | Entered Level 1 of the Lair of Beasts
  8344 | Lair:1   | Noticed a six-headed hydra
  8351 | Lair:1   | Killed a six-headed hydra
  8352 | Lair:1   | Reached skill level 5 in Dodging
  8352 | Lair:1   | Reached skill level 11 in Conjurations
  8362 | Lair:1   | Reached skill level 3 in Evocations
  8404 | Lair:1   | Noticed Gastronok
  8413 | Lair:1   | Reached skill level 3 in Translocations
  8449 | Lair:1   | Found a dark tunnel.
  8468 | Volcano  | Entered a volcano
  8568 | Volcano  | Learned a level 4 spell: Throw Icicle
  8582 | Volcano  | Noticed a fire crab
  8592 | Volcano  | a fire crab changed into a black mamba
  8731 | Volcano  | Noticed a lindwurm
  8745 | Volcano  | Killed a lindwurm
  8899 | Lair:1   | Killed Gastronok
  8899 | Lair:1   | Reached skill level 10 in Spellcasting
  8899 | Lair:1   | Reached skill level 12 in Fire Magic
  8899 | Lair:1   | Reached skill level 4 in Evocations
  9062 | Lair:1   | Reached skill level 4 in Fighting
  9376 | D:9      | Found a bloodstained altar of Trog.
  9400 | D:9      | Reached skill level 6 in Dodging
  9403 | D:9      | Reached XP level 12. HP: 66/66 MP: 21/28
  9483 | D:9      | Noticed Grum
  9489 | D:9      | Killed Grum
  9618 | D:9      | Learned a level 3 spell: Regeneration
  9940 | D:9      | Noticed a two-headed ogre
  9945 | D:9      | Killed a two-headed ogre
 10071 | D:9      | Noticed Prince Ribbit
 10075 | D:9      | Killed Prince Ribbit
 10199 | D:9      | Reached skill level 1 in Shields
 10199 | D:9      | Reached skill level 12 in Conjurations
 10199 | D:9      | Reached skill level 5 in Evocations
 10231 | D:10     | Entered Level 10 of the Dungeon
 10503 | D:10     | Found a shattered altar of Ashenzari.
 10556 | D:10     | Noticed PeterLawrence's ghost (journeyman MiFi)
 10564 | D:10     | Killed PeterLawrence's ghost
 10657 | D:10     | Reached skill level 1 in Charms
 10924 | D:11     | Noticed a death knight
 10932 | D:11     | Offered knowledge of Olgreb's Toxic Radiance by Vehumet.
 10932 | D:11     | Reached skill level 1 in Necromancy
 10935 | D:11     | Killed a death knight
 10935 | D:11     | Reached skill level 7 in Dodging
 10935 | D:11     | Reached skill level 2 in Charms
 11073 | D:11     | Reached skill level 2 in Shields
 11179 | D:11     | Got a pitted battleaxe
 11291 | D:11     | Reached skill level 13 in Fire Magic
 11344 | D:11     | Reached skill level 3 in Charms
 11344 | D:11     | Reached skill level 2 in Necromancy
 11585 | D:11     | Found a staircase to the Orcish Mines.
 11969 | Lair:2   | Noticed Urug
 11972 | Lair:2   | Killed Urug
 11977 | Lair:2   | Noticed a five-headed hydra
 12154 | Lair:2   | Reached XP level 13. HP: 71/72 MP: 24/29
 12218 | Lair:2   | Reached skill level 11 in Spellcasting
 12752 | Lair:2   | Reached ****** piety under Vehumet
 13189 | Lair:3   | Reached skill level 5 in Fighting
 13189 | Lair:3   | Reached skill level 3 in Necromancy
 13274 | Lair:3   | Reached skill level 6 in Evocations
 13276 | Lair:3   | Offered knowledge of Ozocubu's Refrigeration by Vehumet.
 13276 | Lair:3   | Reached skill level 8 in Dodging
 13359 | Lair:3   | Found a glowing silver altar of Zin.
 13428 | Lair:3   | Reached skill level 13 in Conjurations
 13466 | Lair:3   | Reached skill level 3 in Shields
 13473 | Lair:3   | Noticed Nergalle
 13480 | Lair:3   | Killed Nergalle
 13523 | Lair:3   | Found a staircase to the Shoals.
 14179 | Lair:4   | Noticed Sonja
 14180 | Lair:4   | Noticed Sonja
 14180 | Lair:4   | Sonja changed into Sonja the rime drake
 14181 | Lair:4   | Killed Sonja the rime drake
 14305 | Lair:4   | Reached skill level 14 in Fire Magic
 14445 | Lair:4   | Found a staircase to the Snake Pit.
 14469 | Lair:4   | Reached skill level 9 in Dodging
 14682 | Lair:4   | Offered knowledge of Bolt of Fire by Vehumet.
 14949 | Lair:4   | Reached XP level 14. HP: 58/79 MP: 23/31
 15237 | Lair:5   | Reached skill level 7 in Evocations
 15245 | Lair:5   | Learned a level 6 spell: Bolt of Fire
 15339 | Lair:5   | Noticed Nessos
 15341 | Lair:5   | Killed Nessos
 15564 | Lair:5   | Identified the cursed +0 pair of boots of the Catamount {Regen+} (You found it on level 5 of the Lair of Beasts)
 15710 | Lair:6   | Entered Level 6 of the Lair of Beasts
 15722 | Lair:6   | Found a staircase to the Slime Pits.
 15876 | Lair:6   | Reached skill level 4 in Shields
 16917 | Orc:1    | Entered Level 1 of the Orcish Mines
 16958 | Orc:1    | Noticed PeterMcNeter's ghost (journeyman MfBe)
 17113 | Orc:1    | Killed PeterMcNeter's ghost
 17113 | Orc:1    | Reached skill level 6 in Fighting
 17113 | Orc:1    | Reached skill level 14 in Conjurations
 17563 | Orc:2    | Entered Level 2 of the Orcish Mines
 17757 | Orc:2    | Found Zeni's Gadget Shoppe.
 17822 | Orc:2    | Found a staircase to the Elven Halls.
 17909 | Orc:2    | Offered knowledge of Bolt of Cold by Vehumet.
 18114 | Orc:2    | Noticed a stone giant
 18116 | Orc:2    | Killed a stone giant
 18396 | Orc:2    | Reached skill level 12 in Spellcasting
 18605 | Orc:2    | Reached skill level 10 in Dodging
 18713 | Orc:2    | Found Gor Aneps's Jewellery Shop.
 18716 | Orc:2    | Found Voutyrac's Distillery.
 18717 | Orc:2    | Found Niugosen's Weapon Shop.
 18718 | Orc:2    | Found Dijeahot's Armour Boutique.
 18722 | Orc:2    | Bought a potion of heal wounds for 50 gold pieces
 18722 | Orc:2    | Bought a potion of brilliance for 40 gold pieces
 18725 | Orc:2    | Bought a cursed ring of loudness for 63 gold pieces
 18729 | Orc:2    | Bought a +1 helmet of see invisible for 198 gold pieces
 18923 | D:12     | Reached skill level 15 in Fire Magic
 19069 | D:12     | Reached skill level 1 in Staves
 19080 | D:12     | Offered knowledge of Conjure Ball Lightning by Vehumet.
 19532 | D:13     | Found a gate to the Vaults.
 19706 | D:13     | Reached XP level 15. HP: 84/84 MP: 12/33
 19707 | D:13     | Reached skill level 8 in Evocations
 20058 | D:13     | Reached skill level 2 in Staves
 20128 | D:13     | Got a flickering iron ring
 20162 | D:13     | Identified the ring "Ciofeus" {+Fly EV+1 Int+4 Slay+3} (You took it off an orc warrior on level 13 of the Dungeon)
 20202 | D:13     | Found Cabi's Assorted Antiques.
 20208 | D:13     | Bought a dented peridot amulet for 125 gold pieces
 20208 | D:13     | Bought a fluorescent wand for 100 gold pieces
 20208 | D:13     | Bought a tourmaline ring for 125 gold pieces
 20208 | D:13     | Bought a scroll of identify for 50 gold pieces
 20208 | D:13     | Bought a scroll of blinking for 187 gold pieces
 20208 | D:13     | Bought a scroll of identify for 50 gold pieces
 20701 | D:14     | Identified the +4 ring mail "Kakla" {rF++ MR- Int+3} (You found it on level 14 of the Dungeon)
 20702 | D:14     | Offered knowledge of Orb of Destruction by Vehumet.
 20806 | D:14     | Noticed Kirke
 20808 | D:14     | Reached skill level 7 in Fighting
 20809 | D:14     | Killed Kirke
 20870 | D:14     | Noticed Louise
 20880 | D:14     | Killed Louise
 20918 | D:14     | Found a shimmering altar of Xom.
 21074 | D:14     | Reached skill level 15 in Conjurations
 21395 | D:15     | Entered Level 15 of the Dungeon
 21496 | D:15     | Reached skill level 3 in Staves
 21502 | D:15     | Noticed Agnes
 21506 | D:15     | Killed Agnes
 21506 | D:15     | Reached skill level 11 in Dodging
 21675 | D:15     | Reached skill level 13 in Spellcasting
 21686 | D:15     | Found a frozen archway.
 21713 | IceCv    | Entered an ice cave
 22166 | IceCv    | Reached skill level 9 in Evocations
 22304 | IceCv    | Offered knowledge of Fire Storm by Vehumet.
 22304 | IceCv    | Offered knowledge of Glaciate by Vehumet.
 22304 | IceCv    | Offered knowledge of Ignition by Vehumet.
 22312 | IceCv    | Noticed a frost giant
 22315 | IceCv    | Killed a frost giant
 22367 | D:15     | Found a sacrificial altar of Ru.
 22556 | D:15     | Reached skill level 16 in Fire Magic
 22556 | D:15     | Reached XP level 16. HP: 92/92 MP: 7/35
 22948 | D:15     | Found a staircase to the Depths.
 23009 | D:15     | Reached skill level 4 in Staves
 23211 | Shoals:1 | Entered Level 1 of the Shoals
 23572 | Shoals:1 | Reached skill level 8 in Fighting
 23625 | Shoals:1 | Noticed Nikola
 23632 | Shoals:1 | Killed Nikola
 24079 | Shoals:2 | Reached skill level 5 in Staves
 24079 | Shoals:2 | Reached skill level 12 in Dodging
 24441 | Shoals:3 | Reached skill level 16 in Conjurations
 24749 | Shoals:3 | Reached skill level 14 in Spellcasting
 24894 | Shoals:3 | Reached skill level 10 in Evocations
 25350 | Shoals:3 | Reached XP level 17. HP: 84/99 MP: 37/37
 25476 | Shoals:4 | Entered Level 4 of the Shoals
 25691 | Shoals:4 | Noticed Ilsuiw
 25740 | Shoals:4 | Noticed inmateoo's ghost (adept MfGl)
 25750 | Shoals:3 | Reached skill level 6 in Staves
 25969 | Shoals:4 | Reached skill level 17 in Fire Magic
 26297 | Shoals:3 | Reached skill level 9 in Fighting
 26335 | Shoals:3 | Learned a level 8 spell: Ignition
 26971 | Shoals:4 | Got a barnacled rune of Zot
 27036 | Shoals:4 | Killed Ilsuiw
 27385 | Shoals:4 | Identified the ring of Huudie {*Corrode rF+ rN+ MR+ Dex+4} (You found it on level 4 of the Shoals)
 27495 | Shoals:4 | Noticed Polyphemus
 27500 | Shoals:4 | Killed Polyphemus
 27522 | Shoals:4 | Reached skill level 7 in Staves
 27904 | Snake:1  | Entered Level 1 of the Snake Pit
 27906 | Snake:1  | Reached skill level 17 in Conjurations
 27957 | Snake:1  | Reached skill level 13 in Dodging
 28772 | Snake:2  | Found Savaigam's Assorted Antiques.
 28778 | Snake:2  | Bought a scroll of teleportation for 78 gold pieces
 28778 | Snake:2  | Bought a potion of cancellation for 208 gold pieces
 28778 | Snake:2  | Bought a potion of curing for 78 gold pieces
 28778 | Snake:2  | Bought a long runed staff for 312 gold pieces
 28782 | Snake:2  | Found Fumosh's General Store.
 28790 | Snake:2  | Bought a potion of haste for 150 gold pieces
 28790 | Snake:2  | Bought a scroll of enchant armour for 112 gold pieces
 28886 | Snake:2  | Reached XP level 18. HP: 100/106 MP: 23/38
 29153 | Snake:3  | Found Quhes's Gadget Emporium.
 29426 | Snake:4  | Entered Level 4 of the Snake Pit
 29426 | Snake:4  | Noticed Vashnia
 29776 | Snake:4  | Reached skill level 15 in Spellcasting
 30046 | Snake:4  | Killed Vashnia
 30210 | Snake:4  | Reached skill level 18 in Fire Magic
 30486 | Snake:4  | Found Vogaheess's Assorted Antiques.
 30508 | Snake:4  | Bought a potion of curing for 81 gold pieces
 30508 | Snake:4  | Bought a short jewelled staff for 324 gold pieces
 30508 | Snake:4  | Bought 2 potions of ambrosia for 432 gold pieces
 30549 | Snake:4  | Learned a level 2 spell: Corpse Rot
 30695 | Snake:4  | Reached skill level 8 in Staves
 30753 | Snake:4  | Reached skill level 18 in Conjurations
 30773 | Snake:4  | Got an uncursed translucent trident {holy}
 30779 | Snake:4  | Identified the +9 trident of Sasyine {holy, *Drain *Slow rPois Str+6} (You took it off a naga sharpshooter on level 4 of the Snake Pit)
 30859 | Snake:4  | Reached skill level 10 in Fighting
 30872 | Snake:4  | Reached XP level 19. HP: 111/112 MP: 30/40
 30901 | Snake:4  | Got a serpentine rune of Zot
 31104 | Slime:1  | Entered Level 1 of the Pits of Slime
 31286 | Lair:6   | Reached skill level 9 in Staves
 31288 | Lair:6   | Reached skill level 14 in Dodging
 31308 | Slime:1  | Gained mutation: Scrolls take you a little longer to read. [a shining eye]
 31532 | Snake:4  | Bought a potion of mutation for 216 gold pieces
 31532 | Snake:4  | Lost mutation: Scrolls take you a little longer to read. [potion of mutation]
 31532 | Snake:4  | Gained mutation: You expend magic power (3 MP) to strengthen your wands. [potion of mutation]
 31532 | Snake:4  | Gained mutation: You are partially covered in slimy green scales. (AC +2) [potion of mutation]
 31532 | Snake:4  | Gained mutation: Your muscles are strong. (Str +2) [potion of mutation]
 31789 | Vaults:1 | Entered Level 1 of the Vaults
 32529 | Vaults:1 | Noticed Aizul
 32535 | Vaults:1 | Killed Aizul
 32696 | Vaults:1 | Reached skill level 19 in Fire Magic
 32699 | Vaults:1 | Reached skill level 16 in Spellcasting
 33270 | Elf:1    | Entered Level 1 of the Elven Halls
 33929 | Elf:1    | Learned a level 1 spell: Apportation
 33935 | Elf:1    | Reached skill level 10 in Staves
 33941 | Elf:1    | Reached skill level 19 in Conjurations
 34015 | Elf:1    | Reached XP level 20. HP: 119/119 MP: 29/42
 34360 | Elf:2    | Found a large runed door.
 34360 | Elf:2    | Found a large runed door.
 34383 | Elf:2    | Found a large runed door.
 34383 | Elf:2    | Found a large runed door.
 34610 | Elf:3    | Entered Level 3 of the Elven Halls
 34715 | Elf:3    | Reached skill level 15 in Dodging
 34935 | Elf:3    | Reached skill level 11 in Fighting
 34954 | Elf:3    | Reached skill level 20 in Fire Magic
 35060 | Elf:3    | Identified Improving Your Wizardry
 35253 | Elf:3    | Got a fine turquoise ring
 35255 | Elf:3    | Identified the ring of the Median {rC+ MP+9} (You found it on level 3 of the Elven Halls)
 35261 | Elf:3    | Identified a scroll of acquirement
 35263 | Elf:3    | Got a polished chain mail
 35274 | Elf:3    | Identified the +1 chain mail of Recklessness {*Drain rN+++ Dex+4} (You acquired it on level 3 of the Elven Halls)
 35282 | Elf:3    | Got a shimmering scale mail
 35288 | Elf:3    | Identified the +2 scale mail "Ymetacub" {+Blink Int+2} (You found it on level 3 of the Elven Halls)
 35297 | Elf:3    | Got a jewelled plate armour
 35303 | Elf:3    | Identified the +9 plate armour "Wehedom" {rF- Str+6} (You found it on level 3 of the Elven Halls)
 35607 | Elf:3    | Noticed Saint Roka
 35610 | Elf:3    | Killed Saint Roka
 36518 | Vaults:2 | Reached XP level 21. HP: 124/124 MP: 37/43
 36567 | Vaults:2 | Learned a level 6 spell: Deflect Missiles
 36571 | Vaults:2 | Reached skill level 4 in Charms
 36680 | Vaults:2 | Reached skill level 11 in Staves
 36688 | Vaults:2 | Found a radiant altar of Vehumet.
 36754 | Vaults:2 | Reached skill level 11 in Evocations
 36926 | Vaults:2 | Reached skill level 1 in Air Magic
 37040 | Vaults:2 | Reached skill level 17 in Spellcasting
 37164 | Vaults:2 | Reached skill level 2 in Air Magic
 37164 | Vaults:2 | Reached skill level 20 in Conjurations
 37387 | Vaults:2 | Reached skill level 5 in Charms
 37644 | Vaults:3 | Noticed Asterion
 37658 | Vaults:3 | Reached skill level 3 in Air Magic
 37681 | Vaults:3 | Killed Asterion
 37755 | Vaults:3 | Found a staircase to the Crypt.
 38121 | Vaults:3 | Noticed Sojobo
 38134 | Vaults:3 | Killed Sojobo
 38194 | Vaults:3 | Reached skill level 16 in Dodging
 38270 | Vaults:3 | Reached skill level 6 in Charms
 38894 | Vaults:4 | Reached skill level 4 in Air Magic
 38896 | Vaults:4 | Reached XP level 22. HP: 132/132 MP: 45/45
 39055 | Vaults:4 | Reached skill level 7 in Charms
 39261 | Vaults:4 | Reached skill level 5 in Shields
 39460 | Vaults:4 | Paralysed by a great orb of eyes for 5 turns
 39647 | Vaults:5 | Entered Level 5 of the Vaults
 39659 | Vaults:4 | Reached skill level 21 in Fire Magic
 39686 | Vaults:5 | Reached skill level 5 in Air Magic
 39689 | Vaults:5 | Noticed a golden dragon
 39689 | Vaults:5 | Reached skill level 8 in Charms
 39717 | Vaults:5 | Reached skill level 18 in Spellcasting
 39731 | Vaults:5 | Reached skill level 12 in Evocations
 39732 | Vaults:5 | Killed a golden dragon
 39732 | Vaults:5 | Reached skill level 12 in Staves
 39762 | Vaults:5 | Reached XP level 23. HP: 98/136 MP: 18/47
 39777 | Vaults:5 | Reached skill level 21 in Conjurations
 39804 | Vaults:5 | Reached skill level 12 in Fighting
 39834 | Vaults:5 | Reached skill level 6 in Air Magic
 39926 | Vaults:5 | Noticed Frederick
 39928 | Vaults:5 | Killed Frederick
 39931 | Vaults:5 | Reached skill level 9 in Charms
 40015 | Vaults:5 | Reached skill level 6 in Shields
 40223 | Vaults:5 | Got a silver rune of Zot
 40285 | Vaults:5 | Reached skill level 17 in Dodging
 40493 | Vaults:5 | Identified the ring "Xoffon" {rPois rF+ Dex+6 Slay+2} (You took it off an ironheart preserver on level 5 of the Vaults)
 40617 | Vaults:5 | Learned a level 9 spell: Fire Storm
 40760 | Vaults:5 | Identified the ring of the Shining Light {*Corrode +Inv rElec rPois MP+9} (You took it off a necromancer on level 5 of the Vaults)
 40882 | Vaults:5 | Identified the Incunabulum of Supportive Ice
 40959 | Vaults:5 | Reached skill level 10 in Charms
 41350 | Crypt:1  | Entered Level 1 of the Crypt
 41368 | Crypt:1  | Noticed Boris
 41376 | Crypt:1  | Reached skill level 7 in Air Magic
 41379 | Crypt:1  | Killed Boris
 41659 | Crypt:2  | Noticed a greater mummy
 41660 | Crypt:2  | Noticed Khufu
 41660 | Crypt:2  | Reached XP level 24. HP: 144/144 MP: 37/47
 41661 | Crypt:2  | Noticed a greater mummy
 41661 | Crypt:2  | Reached skill level 22 in Fire Magic
 41663 | Crypt:2  | Killed a greater mummy
 41663 | Crypt:2  | Killed a greater mummy
 41663 | Crypt:2  | Reached skill level 4 in Necromancy
 41664 | Crypt:2  | Killed Khufu
 41664 | Crypt:2  | Reached skill level 13 in Evocations
 41667 | Crypt:2  | Slain by a reaper

Skill      XL: |  1  2  3  4  5  6  7  8  9 10 11 12 13 14 15 16 17 18 19 20 21 22 23 24 |
---------------+-------------------------------------------------------------------------+-----
Conjurations   | 2 3 4 5 6 8 9 10 11 12 13 14 15 16 17 18 19 20 21 | 21.6
Fire Magic     | 4 5 6 7 9 10 11 12 13 14 15 16 17 18 19 20 21 22 | 22.0
Spellcasting   | 4 5 7 8 9 10 11 12 13 14 15 16 17 18 | 18.7
Poison Magic   | 2 3 |  3.0
Fighting       | 1 2 4 5 6 7 8 9 10 11 12 | 12.7
Dodging        | 4 6 7 9 10 11 12 13 14 15 16 17 | 17.4
Evocations     | 2 4 5 6 7 9 10 11 12 13 | 13.0
Hexes          | 2 3 |  3.1
Translocations | 2 3 |  3.0
Shields        | 2 3 4 5 6 |  6.6
Charms         | 3 6 8 10 | 10.7
Necromancy     | 2 3 4 |  4.4
Staves         | 1 3 5 7 8 10 11 12 | 12.0
Air Magic      | 4 5 7 |  7.5
Stealth        | |  2.4

Action                   |  1- 3 |  4- 6 |  7- 9 | 10-12 | 13-15 | 16-18 | 19-21 | 22-24 || total
-------------------------+-------+-------+-------+-------+-------+-------+-------+-------++-------
Melee: Trident           |       |       |    85 |       |       |       |       |       ||    85
       Staff             |       |       |       |   296 |   642 |   253 |   229 |   122 ||  1542
 Cast: Flame Tongue      |    63 |    98 |   158 |   151 |    28 |       |       |       ||   498
       Conjure Flame     |       |    10 |     9 |    31 |    30 |     1 |       |       ||    81
       Sticky Flame      |       |     2 |    21 |    68 |    83 |    22 |     5 |     3 ||   204
       Fireball          |       |       |     8 |    52 |   202 |   355 |   237 |    90 ||   944
       Inner Flame       |       |       |     1 |     1 |    19 |       |     1 |       ||    22
       Mephitic Cloud    |       |       |       |     3 |     3 |     4 |       |       ||    10
       Ignite Poison     |       |       |       |     3 |     3 |     3 |       |       ||     9
       Throw Icicle      |       |       |       |    11 |    17 |    36 |    67 |    11 ||   142
       Regeneration      |       |       |       |     3 |    23 |    47 |    42 |    15 ||   130
       Blink             |       |       |       |       |     3 |     8 |    11 |     3 ||    25
       Bolt of Fire      |       |       |       |       |    34 |    55 |    37 |    41 ||   167
       Ignition          |       |       |       |       |       |    14 |    39 |    49 ||   102
       Corpse Rot        |       |       |       |       |       |       |     2 |       ||     2
       Deflect Missiles  |       |       |       |       |       |       |     1 |     1 ||     2
       Fire Storm        |       |       |       |       |       |       |       |     1 ||     1
 Abil: Evoke Invisibilit |       |       |       |       |       |     2 |       |       ||     2
       Evoke Flight      |       |       |       |       |       |     2 |       |       ||     2
Evoke: Wand              |       |     1 |       |     3 |     9 |     1 |       |       ||    14
       Phial of floods   |       |       |       |       |     1 |       |       |       ||     1
  Use: Scroll            |       |    10 |     5 |     7 |    18 |    18 |    11 |    15 ||    84
       Potion            |       |       |       |     2 |     1 |     2 |     1 |     5 ||    11
 Stab: Sleeping          |       |       |       |     3 |     4 |       |     2 |     1 ||    10
       Paralysed         |       |       |       |       |     5 |       |       |       ||     5
       Invisible         |       |       |       |       |       |     1 |       |       ||     1
       Distracted        |       |       |       |       |       |       |     2 |       ||     2
  Eat: Chunk             |     1 |     5 |    13 |    22 |    46 |    22 |    19 |     2 ||   130
       Royal jelly       |       |     1 |       |     2 |       |     3 |     2 |     2 ||    10
       Fruit             |       |       |       |       |     4 |     4 |     6 |       ||    14
       Bread ration      |       |       |       |       |       |     3 |       |     1 ||     4
       Meat ration       |       |       |       |       |       |     1 |     2 |     3 ||     6
Armor: Robe              |     5 |       |    30 |    20 |    16 |    57 |    31 |    30 ||   189
       Steam dragon scal |       |       |       |    75 |   113 |       |       |       ||   188
Dodge: Dodged            |    12 |    12 |   114 |   333 |   658 |   335 |   185 |   131 ||  1780
       Deflected         |       |       |       |       |       |       |     3 |     9 ||    12
Block: Buckler           |       |       |       |    59 |   195 |   109 |    47 |    35 ||   445
